 Dungeon Crawl Stone Soup version 0.29-a0-275-g389c0b56f3 (webtiles) character file.

Game seed: 14430214531461282184

35 jt the Bolt Thrower (level 3, 0/21 HPs)
             Began as a Kobold Arcane Marksman on Mar 10, 2022.
             Slain by an adder (2 damage)
             ... on level 2 of the Dungeon.
             The game lasted 00:01:48 (1474 turns).

jt the Bolt Thrower (Kobold Arcane Marksman)        Turns: 1474, Time: 00:01:49

Health: 0/21       AC:  2    Str:  7    XL:     3   Next: 55%
Magic:  2/4        EV: 15    Int: 14    God:
Gold:   46         SH:  0    Dex: 17    Spells: 3/4 levels left

rFire   . . .      SeeInvis .   a - +0 hand crossbow
rCold   + . .      Faith    .   (no shield)
rNeg    . . .      Spirit   .   b - +0 robe
rPois   .          Reflect  .   (no helmet)
rElec   .          Harm     .   (no cloak)
rCorr   .          Rampage  .   (no gloves)
Will    .....                   (no boots)
Stlth   +++.......              (no amulet)
HPRegen 0.07/turn               g - ring of protection from cold
MPRegen 0.09/turn               (no ring)

@: lethally poisoned (0 -> -7), very slightly contaminated
A: small, no large weapons, nightstalker 3
a: no special abilities


You were on level 2 of the Dungeon.
You visited 1 branch of the dungeon, and saw 2 of its levels.

You collected 46 gold pieces.

Inventory:

Hand Weapons
 a - a +0 hand crossbow (weapon)
Missiles
 d - 3 datura-tipped darts
 e - 20 stones
 f - 2 poisoned darts
Armour
 b - a +0 robe (worn)
 j - an orb of energy
Jewellery
 g - a ring of protection from cold (left hand)
Scrolls
 c - 2 scrolls of vulnerability
 k - a scroll of identify {unknown}
Potions
 h - 2 potions of haste {unknown}
 i - a potion of attraction {unknown}
 l - a potion of berserk rage {unknown}
 m - a potion of magic {unknown}


   Skills:
 + Level 2.1 Fighting
 + Level 3.5 Crossbows
 + Level 3.2 Dodging
 - Level 1.1 Spellcasting
 - Level 3.0 Hexes


You had 3 spell levels left.
You knew the following spells:

 Your Spells              Type           Power      Damage    Failure   Level
a - Slow                  Hex            36%        N/A       8%          1

Your spell library contained the following spells:

 Spells                   Type           Power      Damage    Failure   Level
 Inner Flame              Hex/Fire       4%         N/A       38%         3
 Portal Projectile        Hex/Tloc       8%         N/A       38%         3
 Cause Fear               Hex            4%         N/A       58%         4


Dungeon Overview and Level Annotations

Branches:
Dungeon (2/15)

Altars:


Innate Abilities, Weirdness & Mutations

You are small and have problems with some larger weapons.
You are completely attuned to the shadows.


Message History

The bolt hits the adder but does no damage.
The adder hisses angrily.
You shoot a bolt. The bolt closely misses the adder.
The adder bites you.
You shoot a bolt. The bolt barely misses the adder.
The adder bites you.
You shoot a bolt. The bolt hits the adder.
The adder is heavily wounded.
The adder completely misses you. The adder misses you.
You shoot a bolt. The bolt hits the adder.
The adder is severely wounded.
The adder bites you. The adder closely misses you.
You shoot a bolt. The bolt barely misses the adder.
The adder closely misses you. The adder bites you.
You are poisoned.
The adder poisons you!
You shoot a bolt. The bolt misses the adder.
You feel very sick. The adder closely misses you.
You shoot a bolt. The bolt hits the adder.
The adder is almost dead.
You feel sick. The adder bites you.
You are lethally poisoned!
The adder poisons you! The adder bites you.
* * * LOW HITPOINT WARNING * * *
You are too injured to fight recklessly!
You are too injured to fight recklessly!
Aiming: Slow (safe; 8% risk of failure)
Press: ? - help, Q - select action, (/) - cycle Shift-Dir - straight line, f/p - adder
Aim: an adder (almost dead, chance to affect: 55%)
The adder resists with significant effort.
* * * LOW HITPOINT WARNING * * *
You feel sick. The adder completely misses you.
Aiming: Slow (safe; 8% risk of failure)
Press: ? - help, Q - select action, (/) - cycle Shift-Dir - straight line, f/p - adder
Aim: an adder (almost dead, chance to affect: 55%)
You miscast Slow.
You are very lightly contaminated with residual magic.
Nothing appears to happen.
* * * LOW HITPOINT WARNING * * *
You feel sick. The adder bites you.
You die...

.......#...#...#...#...#..
#####...#...#...#...#...#
#.#...#...#...#...#..
....#...#...#...#...#
.#...#...#...#...#.. .
..#...#...#...#...#
..#...#...#...#...#..
....#...#...#...#...#
#S@†#...#...#...#..
....#...#...#...#...#
..#...#...#...#...#.. .
..#...#...#...#...#
..#..#...#...#...#..
#...#...#..#.
..#...#..###.
....#..####..
.....######.#


You could see an adder.

Vanquished Creatures
  2 dart slugs
  3 endoplasms (D:1)
  3 giant cockroaches
  A hobgoblin (D:1)
  2 jackals (D:1)
  3 quokkas
  4 bats
  A frilled lizard (D:1)
  3 goblins (D:1)
  5 kobolds (D:1)
  A rat (D:1)
28 creatures vanquished.

Notes
Turn   | Place    | Note
-------+----------+-------------------------------------------
     0 | D:1      | jt the Kobold Arcane Marksman began the quest for the Orb.
     0 | D:1      | Reached XP level 1. HP: 12/12 MP: 2/2
   288 | D:1      | Reached XP level 2. HP: 16/16 MP: 3/3
   600 | D:1      | Reached XP level 3. HP: 17/21 MP: 4/4
  1474 | D:2      | Slain by an adder

Illustrated notes

Levels and vault maps discovered:
D:1:      lightli_arrival_statue_moat, layout_basic
D:2:      layout_basic, hex_large, minmay_pentomino_u2

Skill      XL: |  1  2  3 |
---------------+----------+-----
Crossbows      | 3 |  3.5
Dodging        | 3 |  3.2
Fighting       | 2 |  2.1
Spellcasting   | |  1.1
Hexes          | |  3.0

Action                   || total
-------------------------++-------
 Fire: Hand crossbow     ||    71
 Cast: Slow              ||     1
  Use: Scroll            ||     2
Armor: Robe              ||     1
Dodge: Dodged            ||    31

Table legend: (Time is in decaauts)
 A = Elapsed time spent in this place.
 B = Non-inter-level travel time spent in this place.
 C = Inter-level travel time spent in this place.
 D = Time resting spent in this place.
 E = Time spent auto-exploring this place.
 F = Levels seen in this place.
 G = Mean time per level.
                   A        B        C        D        E       F      G
               +--------+--------+--------+--------+--------+-----+--------+
         Total |   1498 |   1452 |     46 |    174 |   1054 |   2 |  749.0 |
       Dungeon |   1498 |   1452 |     46 |    174 |   1054 |   2 |  749.0 |
               +--------+--------+--------+--------+--------+-----+--------+

Top non-repeatable levels by time:
     D:1: 1199 daAuts
     D:2: 298 daAuts
